[Event "Titled Tuesday Blitz February 28 Early 2023"]
[White "Abdrlauf, Elham"]
[Black "Tan, Jun Ying"]
[WhiteFideId "1533533"]
[BlackFideId "5710413"]
[WhiteElo "2476"]
[BlackElo "2089"]
[Result "1-0"]
[Round "03"]
[TimeControl "180+2"]
[Date "2023.02.28"]
[WhiteClock "0:01:00"]
[BlackClock "0:00:03"]

1. g3 c5 2. Bg2 Nc6 3. e3 d5 4. Ne2 Nf6 5. d4 Bg4 6. Nbc3 e6 7. O-O cxd4 8. exd4 Be7 9. h3 Bh5 10. g4 Bg6 11. Nf4 O-O 12. Nxg6 hxg6 13. Ne2 Rc8 14. c3 b5 15. a3 a5 16. Nf4 b4 17. axb4 axb4 18. Nd3 bxc3 19. bxc3 Na5 20. Ba3 Nc4 21. Bxe7 Qxe7 22. Qe2 Nd6 23. Nc5 Rc7 24. Ra6 Nd7 25. Na4 Rfc8 26. Rb1 Nf6 27. Nc5 Nd7 28. Na4 Nf6 29. Nb6 Rb8 30. Re1 Rxc3 31. Nxd5 Nxd5 32. Bxd5 Rxh3 33. Qe5 Rd8 34. Bg2 Rb3 35. d5 Qf6 36. Rxd6 Rxd6 37. Qxd6 Rb2 38. Rf1 exd5 39. Qxf6 gxf6 40. Bxd5 Kg7 41. Rc1 Rd2 42. Rc5 Rd1+ 43. Kg2 Rd2 44. Kg3 Rd1 45. Kf3 Rd3+ 46. Ke2 Rd4 47. f3 f5 48. Ke3 Rd1 49. gxf5 gxf5 50. Kf4 Rd3 51. Kxf5 Rd4 52. Ke5 Rd1 53. Rc7 Re1+ 54. Kf5 1-0


[Site "https://www.chess.com"]

[Event "Titled Tuesday Blitz February 28 Early 2023"]
[White "Mamedov, Edgar"]
[Black "Bacrot, Etienne"]
[WhiteFideId "13739980"]
[BlackFideId "605506"]
[WhiteElo "2330"]
[BlackElo "2667"]
[Result "0-1"]
[Round "03"]
[TimeControl "180+2"]
[Date "2023.02.28"]
[WhiteClock "0:00:02"]
[BlackClock "0:00:02"]

1. d4 Nf6 2. Bg5 e6 3. Nd2 h6 4. Bh4 g5 5. Bg3 Bg7 6. e3 d6 7. Bd3 b6 8. Qf3 d5 9. h4 g4 10. Qd1 Bb7 11. Ne2 Nbd7 12. h5 c5 13. c3 Qe7 14. Qa4 a6 15. dxc5 b5 16. Qd1 Nxc5 17. Bc2 e5 18. Bh4 Qe6 19. Ng3 Nfe4 20. Ngxe4 dxe4 21. Nb3 Na4 22. Qe2 Bd5 23. O-O-O O-O 24. Rxd5 Qxd5 25. Qxg4 f5 26. Qe2 Kh8 27. Rd1 Qe6 28. Kb1 Rac8 29. Na5 Nc5 30. Nb3 Nd3 31. Bxd3 exd3 32. Qxd3 Qc6 33. f3 e4 34. Qd7 exf3 35. Qxc6 Rxc6 36. gxf3 Re6 37. Bf2 f4 38. e4 Re5 39. Bd4 Rxh5 40. Rg1 Rg8 41. Bxg7+ Rxg7 42. Rd1 Rh3 43. Nd4 Rhg3 44. Nf5 Rg1 45. Kc2 R7g2+ 46. Rd2 Rxd2+ 47. Kxd2 h5 48. e5 Kg8 49. e6 Kf8 50. Kd3 Re1 51. e7+ Kf7 52. e8=Q+ Kxe8 53. Ng7+ Kd7 54. Nxh5 Re3+ 55. Kd4 Rxf3 56. Ke4 Rf2 57. b4 Rc2 58. Kd3 Rf2 59. Ke4 f3 60. Ke3 Rxa2 61. Kxf3 Ra3 62. Ke4 Rxc3 63. Nf6+ Kc6 64. Nd5 Rc4+ 65. Ke5 Rh4 66. Ne7+ Kb7 67. Nd5 Kc6 68. Ne7+ Kd7 69. Nd5 Rh5+ 70. Kd4 Kd6 71. Nc3 Rh4+ 72. Ne4+ Ke6 73. Kd3 Ke5 74. Nc5 Rh3+ 75. Kc2 Rh6 76. Kb3 Kd5 77. Kc3 Rh3+ 78. Kc2 a5 79. Nd3 Rh2+ 80. Kc3 a4 81. Nf4+ Ke4 82. Ne6 Rh3+ 83. Kc2 Rh2+ 84. Kc3 a3 85. Nc5+ Kd5 86. Nb3 a2 87. Na1 Rh1 88. Kb2 Rh2+ 89. Kc3 Rg2 90. Kb3 Kd4 91. Ka3 Kc3 92. Nb3 Rh2 93. Na1 Rb2 94. Nc2 Rb3+ 95. Kxa2 Kxc2 0-1


[Site "https://www.chess.com"]

[Event "Titled Tuesday Blitz February 28 Early 2023"]
[White "Bernadskiy, Vitaliy"]
[Black "Djokovic, Nebojsa"]
[WhiteFideId "14100371"]
[BlackFideId "938300"]
[WhiteElo "2488"]
[BlackElo "2603"]
[Result "1-0"]
[Round "03"]
[TimeControl "180+2"]
[Date "2023.02.28"]
[WhiteClock "0:00:27"]
[BlackClock "0:00:04"]

1. d3 d5 2. Nf3 Nf6 3. a3 e6 4. b4 c5 5. bxc5 Bxc5 6. e3 Nc6 7. Be2 O-O 8. O-O Bd7 9. Nbd2 Rc8 10. c4 Qe7 11. Bb2 Rfd8 12. h3 e5 13. cxd5 Nxd5 14. Ne4 Bb6 15. Ng3 f5 16. Re1 f4 17. exf4 exf4 18. Ne4 h6 19. Bf1 Qf7 20. Nd6 Qg6 21. Nxc8 Bxc8 22. Ne5 Nxe5 23. Rxe5 Bxf2+ 24. Kh1 Bxh3 25. Qf3 Be3 26. Qxh3 Nf6 27. Re6 Qg5 28. Bxf6 gxf6 29. Rb1 Bb6 30. Rbe1 Qc5 31. Qg4+ Kf7 32. Re7+ Qxe7 33. Rxe7+ Kxe7 34. Qxf4 Rd4 35. Qxh6 Ke6 36. g3 Ra4 37. Bh3+ Ke7 38. Qg7+ Kd6 39. Qxf6+ Kc7 40. Qe7+ Kc6 41. Bd7+ Kd5 42. Qe6+ Kd4 43. Qe4+ Kc3 44. Bxa4 Bd4 45. Qe2 a6 46. Qc2# 1-0


[Site "https://www.chess.com"]

[Event "Titled Tuesday Blitz February 28 Early 2023"]
[White "Gunduz, Umut Erdem"]
[Black "Rustemov, Alexander"]
[WhiteFideId "6381383"]
[BlackFideId "4119002"]
[WhiteElo "2182"]
[BlackElo "2887"]
[Result "0-1"]
[Round "03"]
[TimeControl "180+2"]
[Date "2023.02.28"]
[WhiteClock "0:00:21"]
[BlackClock "0:00:52"]

1. e4 e6 2. d4 d5 3. Nc3 dxe4 4. Nxe4 Bd7 5. Nf3 Bc6 6. Bd3 Nd7 7. O-O Ngf6 8. Ned2 Be7 9. Nc4 Bd5 10. Ne3 Bc6 11. Nc4 Bd5 12. Ne3 Be4 13. Re1 Bxd3 14. Qxd3 O-O 15. c4 c6 16. b3 Re8 17. Bb2 Qc7 18. h3 Rad8 19. Rad1 Bf8 20. Ng4 Be7 21. Nge5 Nxe5 22. Nxe5 Nd7 23. Nf3 Bf6 24. Qc2 Nf8 25. g3 Rd7 26. Kg2 Red8 27. h4 h5 28. Rd2 Ng6 29. Red1 Ne7 30. Qe4 g6 31. Qe2 Nf5 32. Qe4 c5 33. d5 exd5 34. Rxd5 Rxd5 35. Rxd5 Bxb2 36. Rxf5 gxf5 37. Qxf5 Rd6 38. Qxh5 Qc6 39. Kh2 Rf6 40. Qg4+ Kf8 41. Kg2 Bd4 42. Qh5 Ke7 43. Qg4 a6 44. Qh5 Qe4 0-1


[Site "https://www.chess.com"]

[Event "Titled Tuesday Blitz February 28 Early 2023"]
[White "Livaic, Leon"]
[Black "Yaran, Siar"]
[WhiteFideId "14531534"]
[BlackFideId "6323006"]
[WhiteElo "2509"]
[BlackElo "2191"]
[Result "0-1"]
[Round "03"]
[TimeControl "180+2"]
[Date "2023.02.28"]
[WhiteClock "0:00:15"]
[BlackClock "0:00:16"]

1. d4 Nf6 2. Bg5 Ne4 3. Bf4 f6 4. e3 Nc6 5. Bd3 d5 6. Nf3 Bg4 7. h3 Bh5 8. Bh2 e5 9. g4 Bg6 10. dxe5 fxe5 11. Bb5 Bc5 12. Bxc6+ bxc6 13. O-O O-O 14. Nc3 Nxc3 15. bxc3 e4 16. Ne5 Bd6 17. Nxg6 hxg6 18. f4 exf3 19. Rxf3 Bxh2+ 20. Kxh2 Qd6+ 21. Kg2 Rxf3 22. Qxf3 Rf8 23. Qe2 Qe5 24. Rf1 Qxc3 25. Rxf8+ Kxf8 26. e4 d4 27. e5 Qc5 28. Qe4 Qd5 29. Kf3 Ke7 30. Kf4 g5+ 31. Kf3 Ke6 32. a3 Qxe4+ 33. Kxe4 c5 34. a4 a5 35. c4 dxc3 36. Kd3 Kxe5 37. Kxc3 Kd5 38. Kd3 c4+ 39. Kc3 Kc5 40. Kc2 Kd4 41. Kb2 c3+ 42. Kc2 Kc4 43. Kc1 Kd3 44. Kd1 c2+ 45. Kc1 c6 46. h4 gxh4 47. g5 h3 48. g6 h2 49. Kb2 h1=Q 0-1


[Site "https://www.chess.com"]

[Event "Titled Tuesday Blitz February 28 Early 2023"]
[White "Indjic, Aleksandar"]
[Black "Karttunen, Mika"]
[WhiteFideId "911925"]
[BlackFideId "502081"]
[WhiteElo "2625"]
[BlackElo "2396"]
[Result "1/2-1/2"]
[Round "03"]
[TimeControl "180+2"]
[Date "2023.02.28"]
[WhiteClock "0:00:26"]
[BlackClock "0:00:20"]

1. d4 Nf6 2. c4 e6 3. Nf3 d5 4. Nc3 Bb4 5. a3 Bxc3+ 6. bxc3 c5 7. e3 Qa5 8. Bd2 Ne4 9. cxd5 exd5 10. c4 Nxd2 11. Qxd2 Qxd2+ 12. Kxd2 cxd4 13. Nxd4 dxc4 14. Bxc4 O-O 15. Rab1 Nd7 16. Rhc1 Nb6 17. Bb3 Rd8 18. Ke2 Bg4+ 19. f3 Bd7 20. Rc7 Rab8 21. Rbc1 Kf8 22. g4 Be8 23. g5 Nd5 24. R7c5 Ne7 25. h4 Rbc8 26. Rc7 Bc6 27. Rxc8 Rxc8 28. Kd2 Bd7 29. Rxc8+ Nxc8 30. Bd5 Nd6 31. e4 b6 32. Ke3 Nb5 33. Nxb5 Bxb5 34. f4 Ke7 35. f5 f6 36. Kd4 Kd6 37. Bb3 h6 38. Bd5 Be2 39. Bb3 Bb5 40. Ba2 Be2 41. Bg8 Bb5 42. Be6 Bc6 43. Bf7 Bb7 44. Bc4 Bc6 45. Bb3 Bb7 46. Bc4 Bc6 47. Bb3 Bb7 48. Bc4 1/2-1/2


[Site "https://www.chess.com"]

[Event "Titled Tuesday Blitz February 28 Early 2023"]
[White "Kravtsiv, Martyn"]
[Black "Fiorito, Francisco"]
[WhiteFideId "14113147"]
[BlackFideId "180165"]
[WhiteElo "2695"]
[BlackElo "2341"]
[Result "1-0"]
[Round "03"]
[TimeControl "180+2"]
[Date "2023.02.28"]
[WhiteClock "0:02:07"]
[BlackClock "0:00:55"]

1. e4 c5 2. Nf3 Nc6 3. Bb5 g6 4. O-O Bg7 5. Bxc6 dxc6 6. d3 Qc7 7. a4 a5 8. Na3 e5 9. c3 Ne7 10. Be3 b6 11. d4 Ba6 12. dxc5 bxc5 13. Bxc5 Bxf1 14. Qxf1 O-O 15. Nc4 f6 16. Bb6 Qb7 17. Bxa5 c5 18. Bb6 Qxe4 19. Bxc5 Rfc8 20. Nd6 Qc6 21. Nxc8 Nxc8 22. Qc4+ Kh8 23. Rd1 Ne7 24. Qb5 Qc7 25. Rd7 Rd8 26. Rxc7 1-0


[Site "https://www.chess.com"]

[Event "Titled Tuesday Blitz February 28 Early 2023"]
[White "Mammadzada, Gunay"]
[Black "Madaminov, Mukhiddin"]
[WhiteFideId "13403729"]
[BlackFideId "14210703"]
[WhiteElo "2396"]
[BlackElo "2511"]
[Result "0-1"]
[Round "03"]
[TimeControl "180+2"]
[Date "2023.02.28"]
[WhiteClock "0:00:16"]
[BlackClock "0:00:10"]

1. e4 e5 2. Nf3 Nc6 3. Bb5 a6 4. Ba4 Nf6 5. O-O Nxe4 6. d4 b5 7. Bb3 d5 8. dxe5 Be6 9. Nbd2 Be7 10. c3 O-O 11. Qe2 Nc5 12. Bc2 d4 13. cxd4 Nxd4 14. Nxd4 Qxd4 15. Kh1 Rad8 16. f4 Nd3 17. Nb3 Qc4 18. Be3 Nb4 19. Bxh7+ Kxh7 20. Qh5+ Kg8 21. f5 Nc2 22. Rf4 Qd3 23. Bc5 Nxa1 0-1


[Site "https://www.chess.com"]

[Event "Titled Tuesday Blitz February 28 Early 2023"]
[White "Ingebretsen, Jens E"]
[Black "Sasikiran, Krishnan"]
[WhiteFideId "1522965"]
[BlackFideId "5004985"]
[WhiteElo "2213"]
[BlackElo "2567"]
[Result "1/2-1/2"]
[Round "03"]
[TimeControl "180+2"]
[Date "2023.02.28"]
[WhiteClock "0:01:02"]
[BlackClock "0:00:55"]

1. c4 e5 2. Nc3 Nc6 3. Nf3 f5 4. d4 e4 5. d5 exf3 6. dxc6 fxg2 7. Bxg2 dxc6 8. Qxd8+ Kxd8 9. Bg5+ Be7 10. O-O-O+ Ke8 11. Bf4 Be6 12. b3 Rc8 13. e4 Nf6 14. Rhe1 Kf7 15. exf5 Bxf5 16. Ne4 Ba3+ 17. Kc2 Rhe8 18. f3 Re7 19. Kc3 Rce8 20. Ng5+ Kg6 21. Rxe7 Rxe7 22. Ne4 Nxe4+ 23. fxe4 Bxe4 24. Bxe4+ Rxe4 25. Bxc7 Re2 26. h4 Rf2 27. Rg1+ Kf7 28. Kd3 g6 29. h5 Rxa2 30. hxg6+ hxg6 31. Rh1 Bb4 32. Be5 Rd2+ 33. Ke4 Rd7 34. Rh7+ Ke6 35. Rh6 Re7 36. Rxg6+ Kd7 37. Rg7 Rxg7 38. Bxg7 Ke6 39. Bd4 a6 40. Be3 b5 41. cxb5 axb5 42. Bf4 Bd6 43. Be3 c5 44. Bf2 Be7 45. Bg3 Bf6 46. Bh2 Bg7 47. Bg3 Bc3 48. Bh2 Be1 49. Bf4 Bf2 50. Bh2 Bh4 51. Bf4 Be7 52. Bh2 Bd6 53. Bg1 Bf8 54. Bh2 Bg7 55. Bg3 c4 56. bxc4 bxc4 57. Be1 Kd6 58. Ke3 Kc5 59. Kd2 Kd5 60. Kc2 Bd4 61. Bg3 Be5 62. Bh4 Ke4 63. Bg5 Bf4 64. Bxf4 Kxf4 65. Kc3 Ke4 66. Kxc4 1/2-1/2


[Site "https://www.chess.com"]

[Event "Titled Tuesday Blitz February 28 Early 2023"]
[White "Galchenko, Matvey"]
[Black "Ilinca Ilinca, Felix Antonio"]
[WhiteFideId "24175480"]
[BlackFideId "54764998"]
[WhiteElo "2404"]
[BlackElo "2031"]
[Result "1-0"]
[Round "03"]
[TimeControl "180+2"]
[Date "2023.02.28"]
[WhiteClock "0:00:13"]
[BlackClock "0:00:13"]

1. d4 d5 2. c4 e6 3. Nf3 Nf6 4. g3 dxc4 5. Bg2 a6 6. O-O Nc6 7. e3 Rb8 8. Nfd2 Qd7 9. Nxc4 b5 10. Ne5 Nxe5 11. dxe5 Qxd1 12. Rxd1 Nd7 13. f4 Bc5 14. a4 Ke7 15. axb5 axb5 16. Nc3 Bb7 17. Bxb7 Rxb7 18. Ra5 Bb6 19. Rxb5 c6 20. Rb4 Bxe3+ 21. Bxe3 Rxb4 22. Rd2 Rd8 23. Kf2 Rc4 24. Ke2 Nc5 25. Rxd8 Kxd8 26. Kd2 Na4 27. Nd1 Rb4 28. Kc2 f6 29. b3 Nb6 30. exf6 gxf6 31. Nb2 Nd5 32. Bd2 Rd4 33. Nc4 c5 34. Be1 Re4 35. Kd2 Rd4+ 36. Ke2 Re4+ 37. Kd2 Kd7 38. Bf2 Kc6 39. Kd3 f5 40. Ne5+ Kb5 41. Nc4 Nb4+ 42. Kd2 Nc6 43. Nd6+ Kb4 44. Nxe4 fxe4 45. Ke3 Kxb3 46. Kxe4 c4 47. g4 c3 48. f5 exf5+ 49. gxf5 Nd8 50. f6 Nf7 51. Kd5 c2 52. Be3 Kc3 53. Ke6 Kd3 54. Bc1 Nd8+ 55. Ke7 Nc6+ 56. Kd7 Ne5+ 57. Ke6 Ke4 58. f7 Ng6 59. h4 Nf8+ 60. Kf6 Kd5 61. Kg7 Ne6+ 62. Kxh7 Kd6 63. Kg8 Ke7 64. h5 Nf8 65. h6 Ng6 66. h7 Ke6 67. h8=Q Nxh8 68. f8=Q Ng6 69. Qf7+ Ke5 70. Qxg6 Kd4 71. Qxc2 1-0


[Site "https://www.chess.com"]

[Event "Titled Tuesday Blitz February 28 Early 2023"]
[White "Acor, Corey"]
[Black "Jimenez Almeida, Luis David"]
[WhiteFideId "2024861"]
[BlackFideId "22242244"]
[WhiteElo "2341"]
[BlackElo "2245"]
[Result "0-1"]
[Round "03"]
[TimeControl "180+2"]
[Date "2023.02.28"]
[WhiteClock "0:00:04"]
[BlackClock "0:00:11"]

1. e4 c6 2. d3 g6 3. Nc3 Bg7 4. g3 d6 5. Bg2 Na6 6. Be3 Nc7 7. Qd2 b5 8. a3 a5 9. Nf3 Nf6 10. h3 O-O 11. O-O e5 12. Bh6 Ne6 13. Bxg7 Kxg7 14. d4 Qc7 15. Rfe1 Ba6 16. b4 Bb7 17. d5 Nd8 18. Rad1 axb4 19. axb4 c5 20. Nxb5 Qb6 21. c4 cxb4 22. Qxb4 Ne8 23. Rb1 Ra2 24. Rb2 Rxb2 25. Qxb2 Ba6 26. Rb1 Nb7 27. Na3 Qa5 28. Nd2 Nc5 29. Qb4 Qxb4 30. Rxb4 Nf6 31. Rb6 Rd8 32. Nb5 Bxb5 33. cxb5 Ne8 34. Rc6 Kf6 35. Nc4 Ke7 36. Nxe5 Rb8 37. Nc4 Rxb5 38. e5 Nb7 39. exd6+ Nbxd6 40. Nxd6 Nxd6 41. g4 g5 42. Kh2 Rb3 43. Ra6 Rb2 44. Kg3 Rb3+ 45. f3 Rd3 46. Ra5 Kf6 47. Bf1 Ne4+ 48. Kg2 Rd2+ 49. Kg1 Ng3 50. Bg2 Ne2+ 51. Kf1 Nf4 52. Bh1 Rd1+ 53. Kf2 Rxh1 54. d6 Rd1 55. Rf5+ Ke6 56. Rxg5 Rxd6 57. Kg3 Ng6 58. Rh5 Nf8 59. Rh6+ f6 60. Rh5 Kf7 61. Ra5 Kg6 62. Ra7 Rd7 63. Ra8 Ne6 64. h4 f5 65. Ra6 f4+ 66. Kh3 Kf6 67. h5 Rd3 68. Kh4 Rxf3 69. g5+ Kf5 70. Ra5+ Ke4 71. g6 hxg6 72. hxg6 Rg3 73. Ra4+ Nd4 74. Ra7 Rxg6 75. Kh5 Re6 76. Rf7 f3 77. Kg4 Rg6+ 78. Kh5 Rg3 79. Kh4 Rg8 80. Kh3 Ke3 81. Kh2 f2 82. Re7+ Kf3 83. Rf7+ Ke2 84. Re7+ Kd2 85. Rf7 Ke1 86. Re7+ Ne2 87. Rd7 Rh8+ 88. Kg2 f1=Q# 0-1


[Site "https://www.chess.com"]

[Event "Titled Tuesday Blitz February 28 Early 2023"]
[White "Drygalov, Sergey"]
[Black "Borrmann, Laurenz"]
[WhiteFideId "24171743"]
[BlackFideId "312187930"]
[WhiteElo "2533"]
[BlackElo "2307"]
[Result "1-0"]
[Round "03"]
[TimeControl "180+2"]
[Date "2023.02.28"]
[WhiteClock "0:01:16"]
[BlackClock "0:00:08"]

1. d4 Nf6 2. c4 e6 3. Nc3 Bb4 4. e3 O-O 5. Bd3 c5 6. Ne2 d5 7. a3 Bxc3+ 8. bxc3 dxc4 9. Bxc4 Qc7 10. Bd3 Nc6 11. O-O e5 12. Ng3 Re8 13. f4 exd4 14. cxd4 cxd4 15. e4 Bg4 16. Qc2 h6 17. h3 Bd7 18. e5 Nd5 19. Qf2 Rad8 20. Nh5 g6 21. Qg3 Nce7 22. f5 Bxf5 23. Bxf5 Kh7 24. Bd3 Nc6 25. Bf4 Nxf4 26. Nf6+ Kh8 27. Qxf4 1-0


[Site "https://www.chess.com"]

[Event "Titled Tuesday Blitz February 28 Early 2023"]
[White "Koelle, Tobias"]
[Black "Florescu, Codrut-Constantin"]
[WhiteFideId "16207378"]
[BlackFideId "1202200"]
[WhiteElo "2497"]
[BlackElo "2191"]
[Result "1-0"]
[Round "03"]
[TimeControl "180+2"]
[Date "2023.02.28"]
[WhiteClock "0:00:24"]
[BlackClock "0:00:04"]

1. Nf3 d5 2. e3 e6 3. c4 Nf6 4. b3 b6 5. Bb2 Bb7 6. cxd5 exd5 7. g3 Bd6 8. Bg2 O-O 9. O-O Nbd7 10. d3 c5 11. Nbd2 b5 12. Rc1 a5 13. a4 bxa4 14. bxa4 Ba6 15. Qc2 Rb8 16. Ba1 Qe7 17. Rfd1 Rfc8 18. e4 d4 19. Nc4 Bc7 20. Nfd2 Rb4 21. Bb2 h5 22. Ba3 Rbb8 23. Rb1 Ng4 24. Rxb8 Rxb8 25. Rb1 Rxb1+ 26. Qxb1 Qf6 27. f4 h4 28. e5 Qh6 29. Nf3 hxg3 30. hxg3 Ne3 31. Nxe3 dxe3 32. Ng5 Qb6 33. Qc2 Nxe5 34. fxe5 Bxe5 35. Bxc5 Qg6 36. Ne4 Bxg3 37. Bxe3 Be5 38. Qe2 Qc6 39. Nc5 Qd6 40. Nxa6 Qxa6 41. Qh5 Qd6 42. Be4 Bd4 43. Qh7+ Kf8 44. Qh8+ Ke7 45. Qh4+ f6 46. Qf2 Bxe3 47. Qxe3 Qe5 48. Kf2 Kd6 49. Qb6+ Ke7 50. Qb7+ Kf8 51. Qd5 Qf4+ 52. Bf3 g5 53. Qe4 Qd6 54. Qa8+ Kg7 55. Qxa5 Qd4+ 56. Ke2 Kg6 57. Be4+ Kh5 58. Qf5 Kh4 59. Qf2+ Qxf2+ 60. Kxf2 1-0


[Site "https://www.chess.com"]

[Event "Titled Tuesday Blitz February 28 Early 2023"]
[White "Levitan, Caleb Levi"]
[Black "Zemlyanskii, Ivan"]
[WhiteFideId "14332620"]
[BlackFideId "24249971"]
[WhiteElo "1963"]
[BlackElo "2233"]
[Result "0-1"]
[Round "03"]
[TimeControl "180+2"]
[Date "2023.02.28"]
[WhiteClock "0:00:08"]
[BlackClock "0:00:11"]

1. e4 Nc6 2. d4 d5 3. exd5 Qxd5 4. Nf3 Bg4 5. Be2 O-O-O 6. Nc3 Qf5 7. Be3 e5 8. d5 Nf6 9. h3 Bxf3 10. Bxf3 e4 11. Bg4 Nxg4 12. Qxg4 Qxg4 13. hxg4 Ne5 14. O-O-O Nxg4 15. Nxe4 Nxe3 16. fxe3 f6 17. Nc3 Bc5 18. e4 Rde8 19. Rde1 Re5 20. Kd2 Rg5 21. Re2 h5 22. Kd3 a6 23. a4 Re8 24. Rh3 Bd6 25. Nd1 f5 26. Rhe3 fxe4+ 27. Kc4 b5+ 28. axb5 axb5+ 29. Kd4 c5+ 30. dxc6 Bc5+ 31. Kc3 Bxe3 32. Nxe3 Re6 33. Kd4 Rxc6 34. Kxe4 Re6+ 35. Kf4 Rge5 36. g3 g5+ 37. Kf3 g4+ 38. Kf2 Re4 39. b3 h4 40. gxh4 g3+ 41. Kf3 g2 42. Rxg2 Rxe3+ 43. Kf4 R3e4+ 44. Kg5 R6e5+ 45. Kf6 Rh5 46. Rg8+ Kc7 47. Rg7+ Kc6 48. c4 bxc4 49. bxc4 Rxc4 50. Rg6 Rhxh4 51. Kg7+ Kd7 52. Ra6 Ke7 53. Ra7+ Ke6 54. Ra6+ Kd7 55. Ra7+ Rc7 56. Ra6 Rd4 57. Rf6 Rd6 58. Rf4 Kc8+ 59. Kg8 Rd8+ 60. Rf8 Rxf8+ 61. Kxf8 Kd8 62. Kg8 Ke8 63. Kh8 Kf7 64. Kh7 Rc6 65. Kh8 Rh6# 0-1


[Site "https://www.chess.com"]

[Event "Titled Tuesday Blitz February 28 Early 2023"]
[White "Lenderman, Aleksandr"]
[Black "Avazkhonov, Alikhon"]
[WhiteFideId "2021285"]
[BlackFideId "14208504"]
[WhiteElo "2607"]
[BlackElo "1739"]
[Result "1-0"]
[Round "03"]
[TimeControl "180+2"]
[Date "2023.02.28"]
[WhiteClock "0:02:26"]
[BlackClock "0:00:21"]

1. Nf3 Nf6 2. c4 g6 3. Nc3 Bg7 4. e4 d6 5. d4 O-O 6. Be2 e5 7. O-O Nbd7 8. Qc2 Qe7 9. Be3 Re8 10. dxe5 dxe5 11. Nd5 Nxd5 12. cxd5 Nf6 13. Rac1 c6 14. dxc6 bxc6 15. Nd2 Be6 16. f3 Rab8 17. Bc4 a5 18. Rfd1 Qb4 19. b3 Bxc4 20. Nxc4 Nd7 21. Rxd7 1-0


[Site "https://www.chess.com"]

[Event "Titled Tuesday Blitz February 28 Early 2023"]
[White "Rostomyan, Mikayel"]
[Black "Babazada, Khazar"]
[WhiteFideId "13313754"]
[BlackFideId "13413554"]
[WhiteElo "2009"]
[BlackElo "2359"]
[Result "1-0"]
[Round "03"]
[TimeControl "180+2"]
[Date "2023.02.28"]
[WhiteClock "0:00:28"]
[BlackClock "0:00:28"]

1. d4 Nf6 2. Nf3 g6 3. b3 Bg7 4. Bb2 O-O 5. e3 d6 6. Be2 Nbd7 7. O-O Re8 8. c4 c5 9. Nc3 a6 10. d5 Rb8 11. a4 b6 12. Qc2 e6 13. dxe6 Rxe6 14. Rad1 h6 15. Nd5 Bb7 16. Nf4 Re8 17. Rxd6 Ne4 18. Rd3 Bxb2 19. Qxb2 Qe7 20. Nd5 Bxd5 21. Rxd5 Ndf6 22. Re5 Qc7 23. Rd1 Ng4 24. Rxe8+ Rxe8 25. Rf1 Rd8 26. h3 Ngxf2 27. Rxf2 Nxf2 28. Kxf2 Qd6 29. Qe5 Qxe5 30. Nxe5 Rd6 31. e4 Kg7 32. Ke3 h5 33. Nd3 g5 34. Bxh5 Rd8 35. Bg4 Kf6 36. e5+ Ke7 37. Nf2 f6 38. exf6+ Kxf6 39. Ne4+ Kg6 40. Nc3 Re8+ 41. Kd3 Kf6 42. Nd5+ Ke5 43. Nxb6 Kf4 44. Nd7 Rc8 45. Kc3 Rc7 46. Nb6 Kg3 47. Bf3 a5 48. Nd5 Rg7 49. Nf6 Rc7 50. Ne4+ Kf4 51. Nf6 Kg3 52. Ne4+ Kf4 53. Nd6 Ke3 54. Nb7 1-0


[Site "https://www.chess.com"]

[Event "Titled Tuesday Blitz February 28 Early 2023"]
[White "Kamsky, Gata"]
[Black "Diaz Perez, Michel Alejandro"]
[WhiteFideId "2000024"]
[BlackFideId "3517179"]
[WhiteElo "2666"]
[BlackElo "2333"]
[Result "1-0"]
[Round "03"]
[TimeControl "180+2"]
[Date "2023.02.28"]
[WhiteClock "0:00:42"]
[BlackClock "0:00:25"]

1. d4 Nf6 2. Bf4 d6 3. Nf3 g6 4. h3 Bg7 5. c3 O-O 6. Nbd2 Nbd7 7. e4 Re8 8. e5 Nd5 9. Bh2 dxe5 10. dxe5 Nc5 11. Be2 a5 12. a4 Bf5 13. O-O Bd3 14. Nd4 Nb6 15. Re1 Bxe2 16. Rxe2 e6 17. N2f3 Qd5 18. Bf4 Rad8 19. Qc2 h6 20. h4 c6 21. b3 Qd7 22. Rae1 Nd5 23. Bc1 Qc7 24. Nh2 h5 25. Bg5 Rd7 26. g4 hxg4 27. Nxg4 Qb6 28. Kg2 Na6 29. Nf3 Qc5 30. c4 Ndb4 31. Qe4 Rd3 32. Re3 Rxe3 33. Rxe3 Qb6 34. Nf6+ Bxf6 35. Bxf6 Qc5 36. h5 Qf8 37. hxg6 fxg6 38. Qxg6+ 1-0


[Site "https://www.chess.com"]

[Event "Titled Tuesday Blitz February 28 Early 2023"]
[White "Kucuksari, Kaan"]
[Black "Bruzon Batista, Lazaro"]
[WhiteFideId "6380166"]
[BlackFideId "3503739"]
[WhiteElo "2364"]
[BlackElo "2709"]
[Result "1/2-1/2"]
[Round "03"]
[TimeControl "180+2"]
[Date "2023.02.28"]
[WhiteClock "0:00:03"]
[BlackClock "0:00:33"]

1. d4 Nf6 2. Bg5 d5 3. Bxf6 exf6 4. e3 Bd6 5. Bd3 c6 6. Nd2 f5 7. Qf3 g6 8. h4 h5 9. O-O-O Nd7 10. Qe2 Nf6 11. Ngf3 O-O 12. Ne5 Qe7 13. Ndf3 Ng4 14. Nxg4 fxg4 15. Nd2 Re8 16. g3 a5 17. e4 a4 18. e5 Bc7 19. a3 c5 20. c3 cxd4 21. cxd4 b5 22. Bxb5 Bd7 23. Bxd7 Qxd7 24. Kb1 Rab8 25. Nf1 Bd8 26. Ne3 Be7 27. Rd3 Rb5 28. Rc1 Reb8 29. Rc2 Kg7 30. Ka1 Qb7 31. Rdc3 Qb6 32. Qd3 Rb7 33. Rc6 Qa5 34. e6 Rb3 35. R6c3 fxe6 36. Nd1 Bf6 37. Qe3 Qb6 38. Rxb3 axb3 39. Rd2 Rc7 40. Nc3 Qa5 41. Re2 Rc6 42. Kb1 Qb6 43. Rd2 Qa6 44. Qd3 Rc4 45. Ne2 Qb6 46. Rd1 Rc2 47. Nf4 Bxd4 48. Qxg6+ Kf8 49. Nxe6+ Qxe6 50. Qxe6 Rxb2+ 51. Kc1 Rc2+ 52. Kb1 Rb2+ 53. Kc1 Rc2+ 54. Kb1 Rb2+ 1/2-1/2


[Site "https://www.chess.com"]

[Event "Titled Tuesday Blitz February 28 Early 2023"]
[White "Volkov, Maksim"]
[Black "Svane, Frederik"]
[WhiteFideId "54123070"]
[BlackFideId "12923044"]
[WhiteElo "2328"]
[BlackElo "2502"]
[Result "1-0"]
[Round "03"]
[TimeControl "180+2"]
[Date "2023.02.28"]
[WhiteClock "0:01:38"]
[BlackClock "0:01:48"]

1. d4 e6 2. c4 b6 3. f3 Bb4+ 4. Bd2 Be7 5. e4 d5 6. cxd5 exd5 7. e5 c5 8. Ne2 cxd4 9. Nxd4 Bc5 10. Be3 Ne7 11. Bb5+ Bd7 12. Bd3 Nec6 13. Nxc6 Nxc6 14. Bxc5 bxc5 15. O-O c4 16. Bc2 Qb6+ 17. Kh1 Qxb2 18. Nd2 O-O 19. Nxc4 dxc4 20. Qxd7 Nxe5 21. Qd2 Rad8 22. Bxh7+ 1-0


[Site "https://www.chess.com"]

[Event "Titled Tuesday Blitz February 28 Early 2023"]
[White "Moroni, Luca Jr"]
[Black "Klose, Eli"]
[WhiteFideId "865834"]
[BlackFideId "16242955"]
[WhiteElo "2569"]
[BlackElo "2617"]
[Result "1-0"]
[Round "03"]
[TimeControl "180+2"]
[Date "2023.02.28"]
[WhiteClock "0:00:23"]
[BlackClock "0:00:09"]

1. d4 Nf6 2. Bf4 c5 3. e3 b6 4. h3 g6 5. Nf3 Bg7 6. Nbd2 O-O 7. c3 d6 8. Be2 Ba6 9. O-O Bxe2 10. Qxe2 Nc6 11. e4 cxd4 12. cxd4 e6 13. Rac1 Rc8 14. Nc4 Nxe4 15. Qxe4 d5 16. Qd3 dxc4 17. Rxc4 Ne7 18. Rfc1 Rxc4 19. Qxc4 Nd5 20. Be5 Qe7 21. a3 Rd8 22. Qc6 h6 23. Nd2 Bxe5 24. dxe5 Nf4 25. Ne4 Ne2+ 26. Kh2 Nxc1 27. Qxc1 Kg7 28. Qe3 Rd5 29. Nf6 Rxe5 30. Ne8+ Qxe8 31. Qxe5+ Kg8 32. Qc7 Qa4 33. Qb8+ Kg7 34. Qe5+ Kg8 35. g3 Qb3 36. Kg1 a5 37. h4 h5 38. Qd4 Qb5 39. Qd8+ Kg7 40. Qd4+ e5 41. Qc3 Qc5 42. Qd2 Qd4 43. Qc2 b5 44. Qe2 b4 45. axb4 axb4 46. Qc2 Qd5 47. b3 Qd4 48. Qe2 Qc3 49. Qd1 e4 50. Qd5 e3 51. fxe3 Qxe3+ 52. Kg2 f5 53. Qb7+ Kh6 54. Qxb4 Qe2+ 55. Kg1 Qd1+ 56. Kf2 Qc2+ 57. Ke3 Qc1+ 58. Kd3 Qd1+ 59. Qd2+ Qxd2+ 60. Kxd2 Kg7 61. Ke3 Kf6 62. Kf4 1-0


[Site "https://www.chess.com"]